 Dungeon Crawl Stone Soup version 0.24.1-8-ga250c9d538 (webtiles) character file.

Game seed: 4980600081861643133, levelgen mode: deterministic

101 Hugehornet the Changer (level 4, 0/28 HPs)
             Began as an Octopode Transmuter on May 4, 2020.
             Slain by an orc wizard
             ... wielding a +0 dagger
              (3 damage)
             ... on level 3 of the Dungeon.
             The game lasted 00:03:37 (2379 turns).

Hugehornet the Changer (Octopode Transmuter)        Turns: 2379, Time: 00:03:37

Health: 0/28       AC:  2    Str:  9    XL:     4   Next: 75%
Magic:  4/7        EV: 19    Int: 16    God:
Gold:   78         SH:  0    Dex: 17    Spells: 1/7 levels left

rFire    . . .     SeeInvis .     - Unarmed
rCold    . . .     Gourm    .   (shield currently unavailable)
rNeg     . . .     Faith    .   (helmet currently unavailable)
rPois    x         Spirit   .   (no amulet)
rElec    .         Reflect  .   (no ring)
rCorr    .         Harm     .   (no ring)
MR       .....                  (no ring)
Stlth    ++........             (no ring)
HPRegen  0.09/turn              (no ring)
MPRegen  0.10/turn              (no ring)
                                (no ring)
                                (no ring)

@: spider-form (expiring)
A: tiny, almost no armour, stealthy swim, (amphibious), 8 rings, (constrict 8)
a: End Transformation


You were on level 3 of the Dungeon.
You were not hungry.
You were a venomous arachnid creature.
You visited 1 branch of the dungeon, and saw 4 of its levels.

You collected 78 gold pieces.

Inventory:

Missiles
 a - 30 arrows
Wands
 l - a wand of polymorph (5)
Scrolls
 d - 5 scrolls of identify {unknown}
 h - a scroll of enchant weapon {unknown}
 i - 2 scrolls of random uselessness {unknown}
 k - a scroll of amnesia {unknown}
Potions
 b - a potion of ambrosia {unknown}
 e - a potion of lignification {unknown}
 f - 2 potions of flight {unknown}
 g - a potion of heal wounds {unknown}
 j - a potion of invisibility {unknown}
 m - a potion of brilliance {unknown}
Comestibles
 c - 3 rations


   Skills:
 - Level 1.0 Fighting
 - Level 2.0 Dodging
 * Level 3.5 Unarmed Combat
 - Level 2.0 Spellcasting
 * Level 4.1 Transmutations
 + Level 1.2 Poison Magic


You had one spell level left.
You knew the following spells:

 Your Spells              Type           Power        Failure   Level  Hunger
a - Beastly Appendage     Tmut           ###...       12%         1    #......
b - Sticks to Snakes      Tmut           ###.....     16%         2    ###....
c - Spider Form           Tmut/Pois      ##........   41%         3    ###....

Your spell library contained the following spells:

 Spells                   Type           Power        Failure   Level  Hunger
 Ice Form                 Ice/Tmut       #.......     83%         4    #####..
 Blade Hands              Tmut           ###.......   87%         5    ######.


Dungeon Overview and Level Annotations

Branches:
Dungeon (4/15)
 Temple: D:4-7

Altars:
Uskayaw


Innate Abilities, Weirdness & Mutations

You cannot wear most types of armour.
You are very stealthy in the water. (Stealth+)
((You are amphibious.))
You can wear up to eight rings at the same time.
((You can use your tentacles to constrict eight enemies at once.))
((Your skin changes colour to match your surroundings (Stealth+).))
((Your rubbery body absorbs attacks. (AC +1, EV +1)))


Message History

You resist with some effort.
The orc wizard hits you with a +0 dagger.
An adder comes into view.
You hit the orc wizard but do no damage.
The orc wizard hits you with a +0 dagger.
You completely miss the orc wizard.
Your transformation is almost over.
The orc wizard hits you with a +0 dagger.
* * * LOW HITPOINT WARNING * * *
The orc wizard completely misses you.
You barely miss the orc wizard.
The orc wizard gestures at you while chanting.
The puff of flame misses you.
The puff of flame hits the orc wizard!
The orc wizard points at you and mumbles some strange words.
The puff of flame hits you.
* * * LOW HITPOINT WARNING * * *
You hit the orc wizard.
The orc wizard is poisoned.
The orc wizard is almost dead.
The orc wizard hits you with a +0 dagger.
You die...

##.##.# #..#.##
#.#..# ##....##
#......###.#
#.#........# #
#.#....#####.#..#
#.##o...........#
#osoS..##.#..#..
####.............
#.#....#.#...#
#o#.#...... .#
#...####.##.
#.... # .# .'o.##
# .#.o# #.


You could see 2 orc wizards, an adder and an orc.

Vanquished Creatures
  4 gnolls (D:4)
  2 adders
  A leopard gecko (D:2)
  2 orcs (D:4)
  5 giant cockroaches
  4 goblins
  4 hobgoblins
  A ball python (D:1)
  10 bats
  A frilled lizard (D:1)
  2 kobolds (D:1)
  8 rats
44 creatures vanquished.

Notes
Turn   | Place    | Note
-------+----------+-------------------------------------------
     0 | D:1      | Hugehornet the Octopode Transmuter began the quest for the
                  | Orb.
     0 | D:1      | Reached XP level 1. HP: 13/13 MP: 3/3
   447 | D:1      | Reached XP level 2. HP: 18/18 MP: 3/5
   542 | D:1      | Reached skill level 3 in Transmutations
   949 | D:1      | Reached XP level 3. HP: 15/23 MP: 3/6
  1198 | D:2      | Learned a level 2 spell: Sticks to Snakes
  1202 | D:2      | Learned a level 3 spell: Spider Form
  1350 | D:2      | Found a faded altar of an unknown god.
  1375 | D:2      | Found a hide-covered altar of Uskayaw.
  1771 | D:3      | You fall into a shaft and drop 1 floor!
  1797 | D:4      | Reached XP level 4. HP: 21/28 MP: 3/7
  1935 | D:4      | Reached skill level 4 in Transmutations
  1938 | D:4      | Reached skill level 1 in Poison Magic
  2379 | D:3      | Slain by an orc wizard

Levels and vault maps discovered:
D:1:      psy_arrival_radial02, layout_basic, minmay_tromino_v4_b
D:2:      layout_rooms, lemuel_doored_altar, chequers_ecumenical_altar_island
D:3:      minmay_chambers_of_threes, layout_basic
D:4:      layout_cave_pools, uniq_edmund

Skill      XL: |  1  2  3  4 |
---------------+-------------+-----
Transmutations | 3 4 |  4.1
Poison Magic   | 1 |  1.2
Fighting       | |  1.0
Dodging        | |  2.0
Unarmed Combat | |  3.5
Spellcasting   | |  2.0

Action                   |  1- 3 |  4- 6 || total
-------------------------+-------+-------++-------
Melee: Unarmed           |    78 |    21 ||    99
       Constrict         |    19 |     1 ||    20
       Tentacles         |     8 |     3 ||    11
       Kick              |    12 |       ||    12
       Punch             |     1 |       ||     1
 Cast: Beastly Appendage |    26 |     2 ||    28
       Spider Form       |     1 |     3 ||     4
 Stab: Sleeping          |     9 |     1 ||    10
  Eat: Chunk             |     2 |       ||     2
       Ration            |       |     1 ||     1
Armor: Skin              |     7 |     1 ||     8
Dodge: Dodged            |    46 |     9 ||    55
